 Dungeon Crawl Stone Soup version 0.14.0-18-g0341e45 (webtiles) character file.

2833 Qrupt the Thaumaturge (level 9, -13/51 HPs)
             Began as a High Elf Fire Elementalist on Apr 20, 2014.
             Was a Follower of Ashenzari.
             Killed from afar by Pikel (19 damage)
             ... with a wand of lightning
             ... on Level 8 of the Dungeon.
             The game lasted 00:38:12 (9475 turns).

Qrupt the Thaumaturge (High Elf Fire Elementalist)  Turns: 9475, Time: 00:38:12

HP -13/51        AC 10     Str  8 (9)  XL: 9   Next: 29%
MP   7/28        EV  9     Int 22 (24) God: Ashenzari [*.....]
Gold 320         SH  0     Dex 11 (18) Spells:  5 memorised,  8 levels left

rFire  + . .     SeeInvis .     v - +2,+1 morningstar
rCold  . . .     Clarity  .     f - +0 ring mail of the Duchess {Str+2 Acc+6}
rNeg   . . .     Conserve .     (no shield)
rPois  .         rCorr    .     (helmet restricted)
rElec  .         rRot     .     m - +0 cloak
SustAb . .       Spirit   .     (no gloves)
rMut   .         Warding  .     (no boots)
Saprov . . .     Rnd*Tele +     (no amulet)
MR     .....                    (no ring)
                                B - cursed +4 ring of dexterity

@: about to teleport, not resistant to hostile enchantments, unstealthy
A: antennae 1, rough black scales 1, deterioration 1, fire resistance 1, spit
poison 1, teleportitis 1
a: Spit Poison, Renounce Religion


You were on level 8 of the Dungeon.
You worshipped Ashenzari.
Ashenzari was aware of your devotion.
You were very hungry.

You visited 2 branches of the dungeon, and saw 9 of its levels.

You collected 320 gold pieces.

Inventory:

Hand weapons
 v - a +2,+1 morningstar (weapon)
Armour
 a - a +0 robe
 f - the cursed +0 ring mail of the Duchess (worn) {Str+2 Acc+6}
   (You found it on level 7 of the Dungeon)

   It affects your strength (+2).
   It affects your accuracy with ranged weapons and melee attacks (+6).
   It has a curse placed upon it.
 m - a +0 cloak (worn)
Magical devices
 l - a wand of flame (7)
 s - a wand of frost (6) {unknown}
 w - a wand of frost (11) {unknown}
Comestibles
 c - 6 bread rations
 o - a choko
 t - 2 meat rations
Scrolls
 d - a scroll of magic mapping {unknown}
 e - 3 scrolls of remove curse
 g - 2 scrolls of noise {unknown}
 h - a scroll of teleportation
 i - 4 scrolls of identify
 j - a scroll of curse armour
 k - a scroll of enchant weapon II {unknown}
 n - 3 scrolls of fog {unknown}
 p - a scroll of enchant armour {unknown}
 x - 2 scrolls of random uselessness {unknown}
 C - a scroll of recharging {unknown}
Jewellery
 B - a cursed +4 ring of dexterity (left hand)
Potions
 q - a potion of invisibility
 r - a potion of heal wounds
 u - 2 potions of curing
Books
 b - a book of Flames

   Spells                             Type                      Level
   *Flame Tongue                      Conjuration/Fire             1
   Throw Flame                        Conjuration/Fire             2
   *Conjure Flame                     Conjuration/Fire             3
   *Inner Flame                       Hexes/Fire                   3
   *Sticky Flame                      Conjuration/Fire             4
   *Fireball                          Conjuration/Fire             5
 y - a Necronomicon {highlevel, unknown}

   This book is beyond your current level of understanding.

   Spells                             Type                      Level
   Haunt                              Necromancy/Summoning         7
   Borgnjor's Revivification          Necromancy                   8
   Death's Door                       Charms/Necromancy            8
   Necromutation                      Transmutation/Necromancy     8
 A - a book of Summonings

   Spells                             Type                      Level
   Abjuration                         Summoning                    3
   Recall                             Summoning/Translocation      3
   Summon Elemental                   Summoning                    4
   Shadow Creatures                   Summoning                    5
   Summon Demon                       Summoning                    5
   Monstrous Menagerie                Summoning                    6


   Skills:
 - Level 2.1 Dodging
 - Level 2.1 Stealth
 + Level 8.3 Spellcasting
 + Level 8.0 Conjurations
 + Level 8.0 Fire Magic


You had 8 spell levels left.
You knew the following spells:

 Your Spells              Type           Power        Failure   Level  Hunger
a - Flame Tongue          Conj/Fire      #####        1%          1    None
b - Conjure Flame         Conj/Fire      #####...     1%          3    None
c - Sticky Flame          Conj/Fire      #####...     8%          4    ###....
d - Fireball              Conj/Fire      #####.....   17%         5    ####...
e - Inner Flame           Hex/Fire       ####....     12%         3    None


Dungeon Overview and Level Annotations

Branches:
Dungeon (8/15)             Temple (1/1) D:4
   Lair: D:8-11

Altars:
Ashenzari
Cheibriados
Dithmenos
Elyvilon
Fedhas
Kikubaaqudgha
Makhleb
Nemelex Xobeh
Okawaru
Sif Muna
Trog
Vehumet
Xom
Yredelemnul
Zin
The Shining One

Annotations:
D:8 Pikel, Psyche


Innate Abilities, Weirdness & Mutations

You have a pair of small antennae on your head.
You are partially covered in rough black scales (AC +4, Dex -1).
Your body is slowly deteriorating.
Your flesh is heat resistant.
You can spit poison.
Space occasionally distorts in your vicinity.


Message History

The slave is engulfed in roaring flames.
Psyche casts a spell.
You feel troubled.
The slave is engulfed in roaring flames.
You kill the slave!
That felt strangely unrewarding.
Pikel is engulfed in roaring flames.
Pikel is engulfed in roaring flames.
Psyche is engulfed in roaring flames.
Pikel says, "You'll fetch a fair price!"
Pikel zaps a wand.
The bolt of lightning hits you!
Psyche mumbles some strange words.
You feel a wave of unholy energy pass over you.
Pikel zaps a wand.
The bolt of lightning hits you!
Ouch! That really hurt!
* * * LOW HITPOINT WARNING * * *
Read which item? (? for menu, Esc to quit)
As you read the scroll of teleportation, it crumbles to dust.
You feel strangely unstable.
Pikel zaps a wand.
The bolt of lightning hits you!
You die...

#>. ##.## #..# #.##### #..#
#...... #..###############
#.........# # #.........# #
########.........########
#........................
#.######@........########
#%.@@K.........(.###
#######$@#####...........######
.......%.# ##.......)........
...#####§# ###.######.######
#§# #.##..........# #@#
#.##.###.####.# .@. #.##.# #.#
#.# #.##.# #.#


You could see Pikel, Psyche and 2 slaves.

Vanquished Creatures
  The ghost of Maka the Carver, an experienced DDFi of Makhleb (D:7)
  A sky beast (D:6)
  2 slaves (D:8)
  2 ice beasts (D:7)
  3 ogres (D:5)
  2 centaurs (D:6)
  A giant frog (D:6)
  A wyvern skeleton (D:7)
  A water moccasin skeleton (D:5)
  3 killer bees (D:7)
  4 wights (D:7)
  A quasit (D:6)
  3 hounds
  A crimson imp (D:6)
  Crazy Yiuf (D:7)
  A giant frog skeleton (D:4)
  2 orc priests (D:5)
  A black bear skeleton (D:7)
  2 iguanas
  2 worker ants
  2 orc wizards (D:5)
  A hound zombie (D:5)
  Terence (D:2)
  5 adders
  A worker ant zombie (D:7)
  6 gnolls
  3 inept feature mimics
  A goliath beetle zombie (D:5)
  2 shadow imps (D:6)
  4 worms
  A giant eyeball (D:4)
  7 giant geckos
  19 orcs
  3 ball pythons
  9 bats
  4 giant cockroaches
  9 hobgoblins
  4 jackals
  7 quokkas
  A giant gecko zombie (D:6)
  13 giant newts
  A giant spore (D:6)
  18 goblins
  A goblin zombie (D:5)
  15 kobolds
  19 rats
  2 ballistomycetes (D:6)
194 creatures vanquished.

Notes
Turn   | Place    | Note
--------------------------------------------------------------
     0 | D:1      | Qrupt, the High Elf Fire Elementalist, began the quest for the Orb.
     0 | D:1      | Reached XP level 1. HP: 11/11 MP: 4/4
   464 | D:1      | Reached XP level 2. HP: 17/17 MP: 4/6
  1162 | D:2      | Noticed Terence
  1183 | D:2      | Killed Terence
  1183 | D:2      | Reached XP level 3. HP: 12/21 MP: 0/10
  1634 | D:2      | Reached XP level 4. HP: 20/27 MP: 5/13
  1772 | D:2      | Found a shattered altar of Ashenzari.
  1774 | D:2      | Found a glowing golden altar of the Shining One.
  2254 | D:2      | Found a blossoming altar of Fedhas.
  2271 | D:3      | Found an iron altar of Okawaru.
  2349 | D:3      | Found a radiant altar of Vehumet.
  2540 | D:3      | Learned a level 3 spell: Conjure Flame
  2545 | D:3      | Learned a level 4 spell: Sticky Flame
  2727 | D:3      | Reached skill level 4 in Fire Magic
  2856 | D:3      | Reached XP level 5. HP: 31/31 MP: 2/16
  3804 | D:4      | Reached XP level 6. HP: 36/36 MP: 7/18
  4191 | D:4      | Found a staircase to the Ecumenical Temple.
  4200 | Temple   | Entered the Ecumenical Temple
  4488 | D:2      | Became a worshipper of Ashenzari the Shackled
  4538 | D:5      | Entered Level 5 of the Dungeon
  4595 | D:5      | Learned a level 5 spell: Fireball
  4634 | D:5      | Reached skill level 5 in Fire Magic
  4710 | D:5      | Found an ancient bone altar of Kikubaaqudgha.
  4896 | D:5      | Found a bloodstained altar of Trog.
  4933 | D:5      | Reached skill level 5 in Spellcasting
  4984 | D:5      | Reached XP level 7. HP: 33/41 MP: 15/21
  5178 | D:5      | Reached skill level 5 in Conjurations
  5741 | D:5      | Reached skill level 6 in Spellcasting
  5777 | D:6      | Gained mutation: You can spit poison. [potion of mutation]
  5777 | D:6      | Gained mutation: Space occasionally distorts in your vicinity. [potion of mutation]
  5777 | D:6      | Gained mutation: Your body is slowly deteriorating. [potion of mutation]
  5780 | D:6      | HP: 1/41 [centaur (7)]
  6109 | D:6      | HP: 1/41 [something (5)]
  6110 | D:6      | Reached XP level 8. HP: 1/46 MP: 12/24
  6411 | D:6      | Gained mutation: Your flesh is heat resistant. [potion of beneficial mutation]
  7014 | D:6      | Gained mutation: You are partially covered in rough black scales (AC +4, Dex -1). [potion of mutation]
  7014 | D:6      | Gained mutation: You have a pair of small antennae on your head. [potion of mutation]
  7715 | D:7      | Got the uncursed ring mail of the Duchess {Str+2 Acc+6}
  7724 | D:7      | Identified the +0 ring mail of the Duchess {Str+2 Acc+6} (You found it on level 7 of the Dungeon)
  7819 | D:7      | Reached skill level 7 in Spellcasting
  8097 | D:7      | Noticed Maka's ghost (experienced DDFi)
  8115 | D:7      | Killed Maka's ghost
  8115 | D:7      | Reached XP level 9. HP: 13/51 MP: 6/27
  8480 | D:7      | Reached skill level 8 in Spellcasting
  8500 | D:7      | Noticed Crazy Yiuf
  8507 | D:7      | Killed Crazy Yiuf
  9442 | D:8      | Noticed Pikel
  9444 | D:8      | Noticed Psyche
  9449 | D:8      | Learned a level 3 spell: Inner Flame
  9475 | D:8      | Killed from afar by Pikel

Action                   |  1- 3 |  4- 6 |  7- 9 || total
-------------------------+-------+-------+-------++-------
Melee: Morningstar       |       |    10 |   129 ||   139
 Cast: Flame Tongue      |    75 |   178 |   164 ||   417
       Conjure Flame     |       |     3 |    12 ||    15
       Sticky Flame      |       |     1 |    20 ||    21
       Inner Flame       |       |       |     2 ||     2
  Use: Potion            |       |       |    10 ||    10
       Scroll            |       |       |     5 ||     5
